 Dungeon Crawl Stone Soup version 0.27-a0-1200-g94dc6ad (webtiles) character file.

Game seed: 17727416593303417072

60 Meow the Stinger (level 4, 36/36 HPs)
             Began as a Naga Venom Mage on June 1, 2021.
             Quit the game on level 2 of the Dungeon.
             The game lasted 00:04:00 (1391 turns).

Meow the Stinger (Naga Venom Mage)                  Turns: 1391, Time: 00:04:00

Health: 36/36      AC:  2    Str: 10    XL:     4   Next: 6%
Magic:  8/8        EV: 10    Int: 16    God:
Gold:   108        SH:  0    Dex: 12    Spells: 2/9 levels left

rFire    . . .     SeeInvis +   a - +5 hunting sling
rCold    . . .     Faith    .   (no shield)
rNeg     . . .     Spirit   .   c - +0 robe
rPois    +         Reflect  .   (no helmet)
rElec    .         Harm     .   (no cloak)
rCorr    .         Rampage  .   (no gloves)
Will     .....                  (no barding)
Stlth    ++........             (no amulet)
HPRegen  0.12/turn              (no ring)
MPRegen  0.11/turn              (no ring)

@: very slow
A: AC +1, large, see invisible, deformed body, poison resistance, slowness 2,
spit poison 1, naga tail 1
a: Spit Poison


You were on level 2 of the Dungeon.
You visited 1 branch of the dungeon, and saw 2 of its levels.

You collected 108 gold pieces.

Inventory:

Hand Weapons
 a - a +5 hunting sling (weapon)
 b - a +0 short sword
Missiles
 e - 115 stones (quivered ammo)
 h - 26 sling bullets
 j - 21 bolts
Armour
 c - a +0 robe (worn)
Scrolls
 d - a scroll of immolation
 f - a scroll of fear
 g - a scroll of identify
 i - a scroll of vulnerability {unknown}
 k - a scroll of fog {unknown}
 l - a scroll of brand weapon {unknown}


   Skills:
 - Level 1.5 Dodging
 - Level 3.0 Stealth
 + Level 3.1 Spellcasting
 + Level 2.3 Conjurations
 - Level 1.0 Transmutations
 - Level 4.0 Poison Magic


You had 2 spell levels left.
You knew the following spells:

 Your Spells              Type           Power      Damage    Failure   Level
a - Sting                 Tmut/Pois      40%        1d5       7%          1
c - Mephitic Cloud        Conj/Pois/Air  9%         N/A       24%         3
C - Ignite Poison         Fire/Tmut/Pois 7%         N/A       28%         3

Your spell library contained the following spells:

 Spells                   Type           Power      Damage    Failure   Level
 Poisonous Vapours        Pois/Air       16%        N/A       12%         2
 Olgreb's Toxic Radiance  Pois           15%        N/A       34%         4


Dungeon Overview and Level Annotations

Branches:
Dungeon (2/15)

Altars:


Innate Abilities, Weirdness & Mutations

Your serpentine skin is tough. (AC +1)
You have supernaturally acute eyesight. (SInv)
Armour fits poorly on your strangely shaped body.
Your system is resistant to poisons. (rPois)
You cover ground very slowly.
You can spit poison.
You have a snake-like lower body.


Message History

e - 117 stones (gained 17)
Found a hand axe.
You see here a +0 hand axe.
An adder comes into view.
Fire: 117 stones
Press: ? - help, Q - select action, (/) - cycle Shift-Dir - straight line, f - adder
Aim: an adder (asleep, 98% to hit)
You shoot a stone. The stone hits the adder.
The adder hisses angrily.
The adder is moderately wounded.
Fire: 116 stones
Press: ? - help, Q - select action, (/) - cycle Shift-Dir - straight line, f/p - adder
Aim: an adder (moderately wounded, 44% to hit)
You shoot a stone. The stone misses the adder.
Unknown command.
Press: ? - help, Shift-Dir - straight line, f/p - adder
Aim: an adder (moderately wounded)
The splash of poison hits the adder.
The adder is poisoned.
The adder is heavily wounded.
Casting: Sting (safe; 7% risk of failure)
Confirm with . or Enter, or press ? or * to list all spells.
Aiming: Sting (safe; 7% risk of failure)
Press: ? - help, Shift-Dir - straight line, f/p - adder
Aim: an adder (severely wounded, poisoned, 53% to hit)
The sting hits the adder.
The adder looks even sicker.
The adder is almost dead.
Casting: Sting (safe; 7% risk of failure)
Confirm with . or Enter, or press ? or * to list all spells.
Aiming: Sting (safe; 7% risk of failure)
Press: ? - help, Shift-Dir - straight line, f/p - adder
Aim: an adder (almost dead, very poisoned, 53% to hit)
The sting hits the adder.
The adder looks even sicker.
You kill the adder!
You have reached level 4!
You feel agile.
You start resting.
You have got your breath back.
You start resting.
Magic restored.
Are you sure you want to abandon this character and quit the game? (Confirm with "yes".)

###########
#)........#
#.#######.#
#.........# #####
#..######.#####....
#..##..<....)...#..
#..##.###.######...
#.@.......# ##..
##†##.###.# ##.
##........# #.
#.........# #.
#.###.###.# ##' #.
#.# #.# ##.. #.
#.###.# ##... #(
#..#..# ##.... #
##....####.....


There were no monsters in sight!

Vanquished Creatures
  3 adders (D:2)
  A dart slug (D:2)
  3 bats
  4 goblins
  2 hobgoblins
  5 jackals
  A quokka (D:1)
  3 ball pythons
  2 frilled lizards
  2 kobolds (D:1)
  5 rats
31 creatures vanquished.

Notes
Turn   | Place    | Note
-------+----------+-------------------------------------------
     0 | D:1      | Meow the Naga Venom Mage began the quest for the Orb.
     0 | D:1      | Reached XP level 1. HP: 15/15 MP: 3/3
   233 | D:1      | Reached skill level 1 in Conjurations
   233 | D:1      | Reached XP level 2. HP: 22/22 MP: 5/5
   747 | D:2      | Reached XP level 3. HP: 28/28 MP: 6/6
   755 | D:2      | Learned a level 3 spell: Mephitic Cloud
   759 | D:2      | Learned a level 3 spell: Ignite Poison
  1108 | D:2      | Found a faded altar of an unknown god.
  1365 | D:2      | Reached XP level 4. HP: 36/36 MP: 5/8
  1391 | D:2      | Quit the game

Illustrated notes

Levels and vault maps discovered:
D:1:      sevenhm_arrival_forest_fort_small_6, layout_rooms
D:2:      layout_loops_corners, basic_ecumenical_altar, minmay_hedge_maze,
          minmay_box_of_dots

Skill      XL: |  1  2  3 |
---------------+----------+-----
Conjurations   | 1 2 |  2.3
Spellcasting   | 3 |  3.1
Dodging        | |  1.5
Stealth        | |  3.0
Transmutations | |  1.0
Poison Magic   | |  4.0

Action                   |  1- 3 |  4- 6 || total
-------------------------+-------+-------++-------
 Fire: Hunting sling     |    18 |       ||    18
 Cast: Sting             |    18 |       ||    18
 Abil: Spit Poison       |    25 |       ||    25
  Use: Scroll            |     2 |       ||     2
Armor: Robe              |     1 |       ||     1
Dodge: Dodged            |    10 |       ||    10

Table legend: (Time is in decaauts)
 A = Elapsed time spent in this place.
 B = Non-inter-level travel time spent in this place.
 C = Inter-level travel time spent in this place.
 D = Time resting spent in this place.
 E = Time spent auto-exploring this place.
 F = Levels seen in this place.
 G = Mean time per level.
                   A        B        C        D        E       F      G
               +--------+--------+--------+--------+--------+-----+--------+
         Total |   1818 |   1797 |     21 |    158 |   1233 |   2 |  909.0 |
       Dungeon |   1818 |   1797 |     21 |    158 |   1233 |   2 |  909.0 |
               +--------+--------+--------+--------+--------+-----+--------+

Top non-repeatable levels by time:
     D:2: 1059 daAuts
     D:1: 759 daAuts
